 Dungeon Crawl Stone Soup version 0.31-a0-977-gc230f8ef24 (webtiles) character file.

Game seed: 6845975682982121410

194436 skwerlee the Slayer (level 17, -8/178 HPs)
             Began as a Minotaur Berserker on Oct 29, 2023.
             Was a High Priest of Trog.
             Mangled by a merfolk impaler
             ... wielding a +1 trident of venom
              (54 damage)
             ... on level 4 of the Shoals.
             The game lasted 02:00:24 (36984 turns).

skwerlee the Slayer (Minotaur Berserker)           Turns: 36984, Time: 02:00:25

Health: -8/178     AC: 33    Str: 30    XL:     17   Next: 67%
Magic:  16/16      EV:  2    Int:  4    God:    Trog [*****.]
Gold:   2219       SH:  0    Dex: 13    Spells: 16/16 levels left

rFire   . . .        L - +11 long sword "Xeck" {heavy, Str+3}
rCold   + . .        t - +2 tower shield {rC+}
rNeg    . . .        O - +2 plate armour {Will+}
rPois   .            Q - +2 hat
rElec   .            B - +2 cloak
rCorr   .            H - +2 pair of gloves
SInv    .            (no boots)
Will    ++...        R - amulet of reflection Stlth
                     c - ring of flight
HPRegen 0.49/turn    D - +4 ring of protection
MPRegen 0.15/turn

%: reflection
@: mighty, lethally poisoned (-8 -> -16), sleeping, flying
A: horns 2, retaliatory headbutt
}: 1/15 runes: serpentine
a: Renounce Religion, Berserk, Trog's Hand, Brothers in Arms


You were on level 4 of the Shoals.
You worshipped Trog.
Trog was extremely pleased with you.
You visited 5 branches of the dungeon, and saw 28 of its levels.
You also visited: Sewer and Volcano.

You collected 2393 gold pieces.
You spent 174 gold pieces at shops.

Inventory:

Hand Weapons
 L - the +11 long sword "Xeck" (weapon) {heavy, Str+3}
   (Trog gifted it to you on level 11 of the Dungeon)

   Str+3:     It affects your strength (+3).
 X - a +2 scimitar of flaming
Missiles
 S - 2 throwing nets
Armour
 t - a +2 tower shield of cold resistance (worn)
 B - a +2 cloak (worn)
 H - a +2 pair of gloves (worn)
 O - a +2 plate armour of willpower (worn)
 Q - a +2 hat (worn)
 Z - a scarf of resistance
Jewellery
 c - a ring of flight (left hand)
 h - a ring of protection from fire
 m - a ring of the Octopus King {rN+ HP+2 AC+2 EV+2 SH+2}
   (You found it on level 5 of the Lair of Beasts)

   [ring of positive energy]

   AC+2:      It affects your AC (+2).
   EV+2:      It affects your evasion (+2).
   rN+:       It protects you from negative energy.
   HP+2:      It affects your health (+2).
   SH+2:      It affects your SH (+2).
 s - a +5 ring of evasion
 D - a +4 ring of protection (right hand)
 J - an amulet of faith
 R - an amulet of reflection (around neck)
 T - a ring of fire
 W - a +4 ring of protection
Wands
 b - a wand of paralysis (20)
 p - a wand of flame (32) (quivered)
 C - a wand of iceblast (2)
 I - a wand of digging (12)
 Y - a wand of light (5)
Scrolls
 a - a scroll of acquirement
 e - 16 scrolls of teleportation
 f - 5 scrolls of vulnerability
 j - a scroll of torment
 k - 4 scrolls of immolation
 o - 4 scrolls of blinking
 q - 5 scrolls of silence
 r - 4 scrolls of revelation
 x - 3 scrolls of amnesia
 y - 4 scrolls of brand weapon
 E - 7 scrolls of poison
 G - 2 scrolls of enchant weapon
 K - 4 scrolls of fear
 M - a scroll of enchant armour
 V - 7 scrolls of identify
Potions
 d - 3 potions of curing
 g - 9 potions of mutation
 i - a potion of berserk rage
 l - 7 potions of brilliance
 n - 2 potions of haste
 u - 6 potions of invisibility
 v - 14 potions of ambrosia
 w - 5 potions of lignification
 z - 2 potions of enlightenment
 A - 2 potions of might
 F - 3 potions of heal wounds
 N - 3 potions of attraction
 P - 3 potions of magic


   Skills:
 + Level 22.4 Fighting
 - Level 20.0 Long Blades
 - Level 4.3 Axes
 + Level 17.4 Armour
 - Level 2.1 Dodging
 + Level 17.2 Shields
 - Level 0.1 Evocations


You had 16 spell levels left.
You didn't know any spells.
Your spell library was empty.

Dungeon Overview and Level Annotations

Branches:
Dungeon (13/15)            Temple (0/1) D:4            Lair (5/5) D:11
 Shoals (4/4) Lair:2        Snake (4/4) Lair:2        Slime (0/5) Lair:4
    Orc (2/2) D:9             Elf (0/3) Orc:2        Vaults (0/5) D:13
  Sewer (visited)         Volcano (visited)

Altars:
Cheibriados
Elyvilon
Gozag
Hepliaklqana
Kikubaaqudgha
Makhleb
Ru
Trog
Xom
Yredelemnul
Zin
Jiyva

Shops:
D:5 ?   D:6 (   Orc:2 *([[   Shoals:2 *?   Snake:2 ((*?

Annotations:
D:9 2 transporters
Lair:4 3 runed translucent doors, Dasappa's ghost, journeyman MiBe
Lair:5 3 runed translucent doors, Ewom's ghost, journeyman DEHW; Lemipp's ghost, journeyman DEHW
Snake:4 3 runed translucent doors, Laelyol's ghost, adept MiBe; Qich's ghost, journeyman MiFi; gdog's ghost, adept GnSu


Innate Abilities, Weirdness & Mutations

You have a pair of horns on your head.
You reflexively headbutt those who attack you in melee.


Message History

You barely miss the dream sheep. Your headbutt misses the dream sheep.
You feel very sick. You block the dream sheep's attack.
You block the merfolk impaler's attack. The dream sheep misses you.
The dream sheep bites you.
The dream sheep bites you but does no damage.
The merfolk impaler hits you but does no damage.
You are more poisoned.
You slice the dream sheep!!
The dream sheep is almost dead.
You feel very sick. You block the dream sheep's attack.
The merfolk impaler hits you from afar with a +1 trident of venom.
You are more poisoned.
The dream sheep bites you but does no damage.
You block the dream sheep's attack. You block the merfolk impaler's attack.
You carve the dream sheep like a ham!!!
You kill the dream sheep!
Trog accepts your kill.
You feel very sick. You block the dream sheep's attack.
The merfolk impaler throws a stone.
You block the stone with an invisible shield... and reflect it back!
The stone barely misses the dream sheep.
The stone completely misses the merfolk impaler.
The dream sheep closely misses you.
The dream sheep bites you but does no damage.
You feel very sick. You block the merfolk impaler's attack.
The dream sheep bites you!
* * * LOW HITPOINT WARNING * * *
The dream sheep bites you.
* * * LOW HITPOINT WARNING * * *
The merfolk impaler closely misses you. You furiously retaliate!
You headbutt the merfolk impaler!
Items here: ( †††††.
You chop the merfolk impaler into pieces!!!
The merfolk impaler is severely wounded.
You feel very sick.
The dream sheep shake their wool and sparkle.
You feel drowsy...
You fall asleep.
The merfolk impaler hits you with a +1 trident of venom!!!
You die...

#..........#
#..........#
#..8†......#
#.P........#
#..†P<.....#
#.....P....#
#...PP....~#
.###########........~~#
.......@..........P~~~#
......mYY..PP.....~~~~#
#######################


You could see a merfolk impaler and 2 dream sheep.

Vanquished Creatures
  Mara (Snake:4)
  Rupert (D:12)
  Mlioglotl (Snake:4)
  Aizul (Snake:1)
  A storm dragon (D:13)
  Donald (Shoals:2)
  4 nagarajas
  The ghost of Columug the Carver, a journeyman FoFi of Makhleb (Orc:1)
  A merfolk javelineer (Shoals:1)
  3 merfolk impalers (Shoals:1)
  4 hydras
  Harold (Orc:1)
  2 salamander tyrants (Snake:4)
  3 merfolk avatars
  13 anacondas
  A boulder beetle (D:12)
  2 centaur warriors (D:13)
  A two-headed ogre (D:11)
  2 catoblepae
  2 merfolk aquamancers
  22 naga warriors
  3 orc high priests (Orc:2)
  24 naga sharpshooters
  4 shock serpents
  6 skysharks
  4 salamander mystics
  2 sea snakes
  10 naga ritualists
  A lindwurm (Lair:5)
  An orc knight (Orc:1)
  An arcanist (D:9)
  7 mana vipers
  12 harpies
  2 deep elf pyromancers (D:12)
  2 oklob plants (D:11)
  15 fauns
  17 salamanders
  An orc sorcerer (Orc:2)
  9 manticores
  6 cyclopes
  13 naga magi
  8 merfolk sirens
  Maurice (D:9)
  6 elephants
  41 black mambas
  5 guardian serpents
  2 torpor snails
  2 water nymphs
  3 gargoyles
  15 cane toads
  2 unseen horrors
  A kobold demonologist (D:9)
  4 rime drakes
  7 komodo dragons
  3 efreet (Volcano)
  A tengu conjurer (D:13)
  4 trolls
  2 polar bears
  A queen bee (D:11)
  6 wind drakes
  13 merfolk
  Grinder (D:3)
  3 meliai (D:13)
  3 hornets
  20 blink frogs
  A snapping turtle (Shoals:1)
  17 dream sheep
  5 slime creatures (D:13)
  3 shadows
  Sigmund (D:3)
  A centaur simulacrum (D:12)
  55 yaks
  5 water elementals (Shoals:3)
  A wraith (D:13)
  A vampire (D:9)
  5 wyverns
  4 basilisks
  3 fire elementals (Volcano)
  4 steam dragons (Lair:5)
  A warg (Orc:1)
  3 vampire mosquitoes (D:12)
  2 swamp worms (D:10)
  An acid dragon (D:11)
  47 nagas
  14 water moccasins
  An ice beast (D:6)
  9 orc warriors
  3 black bears
  4 ogres
  9 centaurs
  13 wolves
  A phantom (D:4)
  2 kobold brigands
  9 bullfrogs
  2 gnoll sergeants
  5 scorpions
  7 wights
  26 killer bees
  8 howler monkeys
  A vampire bat (D:12)
  An electric eel (Lair:2)
  Crazy Yiuf (D:5)
  5 hounds
  3 gnoll boudas
  3 jellies
  23 orc priests
  3 iguanas (D:6)
  2 sleepcaps
  Jessica (D:2)
  15 hell rats
  23 orc wizards
  Robin (D:2)
  32 gnolls
  8 river rats
  12 adders
  A shadow imp (D:6)
  4 white imps
  A worm (D:8)
  4 dart slugs
  43 orcs
  10 ball pythons
  14 endoplasms
  4 giant cockroaches
  14 goblins
  10 hobgoblins
  16 kobolds
  A quokka (D:1)
  16 bats
  7 frilled lizards
  18 rats
932 creatures vanquished.

Vanquished Creatures (collateral kills)
  An orc high priest (Orc:2)
  2 naga sharpshooters (Snake:1)
  A naga warrior (Snake:2)
  A naga ritualist (Snake:1)
  2 salamanders (Snake:2)
  A naga mage (Snake:2)
  A black mamba (Snake:1)
  A gargoyle (D:13)
  2 trolls (Orc:1)
  A naga (Snake:1)
  7 orc warriors
  5 orc priests (Orc:2)
  An orc wizard (Orc:2)
  7 orcs
33 creatures vanquished.

Vanquished Creatures (others)
  An arcanist (D:4)
  A black mamba (Lair:5)
  8 tentacles (Shoals:2)
10 creatures vanquished.

Grand Total: 975 creatures vanquished

Notes
Turn   | Place    | Note
-------+----------+-------------------------------------------
     0 | D:1      | skwerlee the Minotaur Berserker began the quest for the
                  | Orb.
     0 | D:1      | Reached XP level 1. HP: 19/19 MP: 0/0
   269 | D:1      | Reached skill level 4 in Fighting
   269 | D:1      | Reached XP level 2. HP: 27/27 MP: 1/1
   788 | D:1      | Reached ** piety under Trog
   907 | D:2      | Reached XP level 3. HP: 32/34 MP: 2/2
   941 | D:2      | Found a faded altar of an unknown god.
   967 | D:2      | Noticed Jessica
   971 | D:2      | Killed Jessica
   972 | D:2      | Reached skill level 1 in Long Blades
  1006 | D:2      | Found a shimmering altar of Xom.
  1090 | D:2      | Noticed Robin
  1099 | D:2      | Reached XP level 4. HP: 32/41 MP: 3/3
  1103 | D:2      | Killed Robin
  1104 | D:2      | Reached skill level 5 in Fighting
  1827 | D:3      | Noticed Sigmund
  1833 | D:3      | Killed Sigmund
  1834 | D:3      | Reached skill level 5 in Long Blades
  1834 | D:3      | Reached XP level 5. HP: 32/50 MP: 4/4
  1834 | D:3      | Reached XP level 6. HP: 36/57 MP: 5/5
  1937 | D:3      | Noticed Grinder
  1944 | D:3      | Killed Grinder
  1945 | D:3      | Reached skill level 6 in Fighting
  2052 | D:3      | Found an ancient bone altar of Kikubaaqudgha.
  2096 | D:3      | Reached *** piety under Trog
  2284 | D:4      | Reached XP level 7. HP: 63/63 MP: 6/6
  2388 | D:4      | Found a glowing drain.
  2409 | Sewer    | Entered a sewer
  2920 | D:4      | Found a bloodstained altar of Trog.
  2921 | D:4      | Noticed an arcanist
  2926 | D:4      | Killed an arcanist
  3066 | D:4      | Found a staircase to the Ecumenical Temple.
  3147 | D:4      | Reached XP level 8. HP: 58/71 MP: 7/7
  3319 | D:5      | Entered Level 5 of the Dungeon
  3348 | D:5      | Reached **** piety under Trog
  3365 | D:5      | Identified the +9 quarterstaff of Veules {holy, *Corrode
                  | rF++ Stlth+}
  3393 | D:5      | Found a white marble altar of Elyvilon.
  3396 | D:5      | Reached skill level 10 in Long Blades
  3410 | D:5      | Found a burning altar of Makhleb.
  3442 | D:5      | Found Kadgh's Magic Scroll Shop.
  3461 | D:5      | Bought a scroll of enchant weapon for 90 gold pieces
  3461 | D:5      | Bought a scroll of identify for 24 gold pieces
  3461 | D:5      | Bought a scroll of identify for 24 gold pieces
  4060 | D:5      | Found a runed translucent door.
  4061 | D:5      | Noticed Crazy Yiuf
  4361 | D:5      | Killed Crazy Yiuf
  4453 | D:6      | Found Qienuiw's Firing Range.
  4471 | D:5      | Reached skill level 7 in Fighting
  4525 | D:6      | Reached XP level 9. HP: 52/79 MP: 8/8
  4601 | D:5      | Bought a scroll of teleportation for 36 gold pieces
  5633 | D:7      | Reached skill level 8 in Fighting
  5928 | D:8      | Reached skill level 15 in Long Blades
  5928 | D:8      | Reached XP level 10. HP: 88/88 MP: 9/9
  6119 | D:8      | Reached ***** piety under Trog
  6128 | D:8      | Found a basalt altar of Yredelemnul.
  6129 | D:8      | Found a hazy altar of Hepliaklqana.
  6130 | D:8      | Found a sacrificial altar of Ru.
  6492 | D:8      | Found a glowing silver altar of Zin.
  6560 | D:8      | Found a snail-covered altar of Cheibriados.
  6832 | D:8      | Found an opulent altar of Gozag.
  7010 | D:9      | Found a transporter.
  7020 | D:9      | Noticed Maurice
  7139 | D:9      | Something stole 2 throwing nets
  7142 | D:9      | Killed Maurice
  7144 | D:9      | Noticed a fire crab
  7150 | D:9      | Noticed an orange demon
  7273 | D:9      | Reached skill level 9 in Fighting
  7288 | D:9      | Found a staircase to the Orcish Mines.
  7397 | D:9      | Noticed a deep elf knight
  7445 | D:9      | Found a transporter.
  7653 | D:9      | Noticed an arcanist
  7662 | D:9      | Killed an arcanist
  7703 | D:9      | Identified a scroll of acquirement
  7708 | D:9      | Acquired a +4 triple sword of draining
  7748 | D:10     | Identified the "Kugeemes"
  7748 | D:10     | Entered Level 10 of the Dungeon
  7855 | D:10     | Identified the +8 battleaxe of Coir {freeze, rElec}
  8118 | D:10     | Noticed a manticore
  8125 | D:10     | Killed a manticore
  8126 | D:10     | Reached XP level 11. HP: 95/97 MP: 10/10
  8952 | D:11     | Identified the +11 long sword "Xeck" {heavy, Str+3} (Trog
                  | gifted it to you on level 11 of the Dungeon)
  8952 | D:11     | Received a gift from Trog
  9181 | D:11     | Found a staircase to the Lair.
  9181 | D:11     | Noticed an oklob plant
  9185 | D:11     | Noticed an oklob plant
  9203 | D:11     | Noticed a two-headed ogre
  9209 | D:11     | Killed a two-headed ogre
  9290 | D:11     | Reached skill level 10 in Fighting
 10014 | D:12     | Noticed a boulder beetle
 10023 | D:12     | Killed a boulder beetle
 10082 | D:12     | Noticed a deep elf pyromancer
 10086 | D:12     | Killed a deep elf pyromancer
 10174 | D:12     | Noticed a deep elf pyromancer
 10180 | D:12     | Killed a deep elf pyromancer
 11051 | D:11     | Killed an oklob plant
 11073 | D:11     | Killed an oklob plant
 11074 | D:11     | Reached skill level 11 in Fighting
 11074 | D:11     | Reached XP level 12. HP: 62/110 MP: 11/11
 11301 | Lair:1   | Entered Level 1 of the Lair of Beasts
 11313 | Lair:1   | Noticed a catoblepas
 11331 | Lair:1   | Killed a catoblepas
 11340 | Lair:1   | Reached skill level 5 in Armour
 11449 | Lair:1   | Reached skill level 12 in Fighting
 12180 | Lair:1   | Reached skill level 13 in Fighting
 12749 | Lair:2   | Noticed a five-headed hydra
 13068 | Lair:1   | Killed a five-headed hydra
 13662 | Lair:2   | Reached XP level 13. HP: 50/123 MP: 12/12
 13996 | Lair:2   | Reached skill level 14 in Fighting
 13996 | Lair:2   | Reached skill level 10 in Armour
 14002 | Lair:2   | Found a staircase to the Shoals.
 14078 | Lair:2   | Found a staircase to the Snake Pit.
 14757 | Lair:3   | Received a gift from Trog
 15291 | Lair:3   | Reached skill level 15 in Fighting
 15342 | Lair:3   | Identified the +4 robe "Xameth" {rPois}
 16845 | Lair:4   | Found a staircase to the Slime Pits.
 16845 | Lair:4   | Found a viscous altar of Jiyva.
 17169 | Lair:4   | Noticed Dasappa's ghost (journeyman MiBe)
 17171 | Lair:4   | Noticed a minotaur
 17318 | Lair:4   | Found a runed translucent gate.
 17318 | Lair:4   | Found a runed translucent gate.
 17319 | Lair:4   | Found a runed translucent gate.
 17744 | Lair:5   | Entered Level 5 of the Lair of Beasts
 17961 | Lair:5   | Reached skill level 16 in Fighting
 18144 | Lair:5   | Reached XP level 14. HP: 55/137 MP: 13/13
 18455 | Lair:5   | Reached ****** piety under Trog
 18499 | Lair:5   | Found a dark tunnel.
 18510 | Volcano  | Entered a volcano
 18939 | Lair:5   | Found the ring of the Octopus King
 18941 | Lair:5   | Identified a ring of the Octopus King {rN+ HP+2 AC+2 EV+2
                  | SH+2}
 19012 | Lair:5   | Reached skill level 1 in Shields
 19200 | Lair:5   | Found a runed translucent gate.
 19200 | Lair:5   | Found a runed translucent gate.
 19200 | Lair:5   | Found a runed translucent gate.
 19204 | Lair:5   | Noticed Ewom's ghost (journeyman DEHW)
 19204 | Lair:5   | Noticed Lemipp's ghost (journeyman DEHW)
 19887 | D:13     | Noticed Rupert
 19912 | D:12     | Killed Rupert
 20035 | D:13     | Found a gate to the Vaults.
 20036 | D:13     | Noticed a storm dragon
 20048 | D:13     | Killed a storm dragon
 20049 | D:13     | Reached skill level 15 in Armour
 20474 | D:13     | Received a gift from Trog
 20475 | D:13     | Reached skill level 17 in Fighting
 21007 | Shoals:1 | Identified the of Titilema
 21007 | Shoals:1 | Entered Level 1 of the Shoals
 21326 | Orc:1    | Entered Level 1 of the Orcish Mines
 21450 | Orc:1    | Found a runed translucent door.
 21450 | Orc:1    | Noticed Columug's ghost (journeyman FoFi)
 21491 | Orc:1    | Noticed Harold
 21501 | Orc:1    | Killed Harold
 21520 | Orc:1    | Reached skill level 5 in Shields
 21893 | Orc:1    | Killed Columug's ghost
 21929 | Orc:2    | Entered Level 2 of the Orcish Mines
 22027 | Orc:2    | Found a staircase to the Elven Halls.
 22254 | Orc:2    | Found Tyniezit's Armour Shoppe.
 22254 | Orc:2    | Found Vivar's Antique Weapon Emporium.
 22255 | Orc:2    | Found Qukhirod's Assorted Antiques.
 22260 | Orc:2    | Found Cileacia's Antique Armour Shoppe.
 22813 | Snake:1  | Entered Level 1 of the Snake Pit
 23114 | Snake:1  | Identified the +2 broad axe of Maaroarch {antimagic,
                  | Will+++ rCorr Dex-4 Stlth+} (Trog gifted it to you on level
                  | 1 of the Snake Pit)
 23114 | Snake:1  | Received a gift from Trog
 23118 | Snake:1  | Reached XP level 15. HP: 132/147 MP: 14/14
 23414 | Snake:1  | Identified the serpent talisman of Kindness {rN+ Dex+4}
 23414 | Snake:1  | Noticed Aizul
 23434 | Snake:1  | Killed Aizul
 23823 | Snake:1  | Reached skill level 18 in Fighting
 25353 | Snake:1  | Reached skill level 19 in Fighting
 25492 | Snake:1  | Identified the staff of Propriety {Necro Earth}
 25950 | Snake:2  | Reached skill level 10 in Shields
 26040 | Snake:2  | Found Gekloun's Antique Weapon Emporium.
 26043 | Snake:2  | Found Soh Leot's General Store.
 26043 | Snake:2  | Found Cigazxab's Weapon Emporium.
 26130 | Snake:2  | Found Qoiseh's Magic Scroll Shoppe.
 26522 | Snake:2  | Reached XP level 16. HP: 82/162 MP: 15/15
 27115 | Snake:3  | Reached skill level 20 in Fighting
 27569 | Snake:3  | Identified the +2 leather armour of Beyond {rElec rF++
                  | Regen+}
 27685 | Snake:3  | Found a white marble altar of Elyvilon.
 27809 | Snake:3  | Identified the +0 leather armour of Courage {Fly}
 27823 | Snake:3  | Found a white marble altar of Elyvilon.
 28130 | Snake:4  | Entered Level 4 of the Snake Pit
 28266 | Snake:4  | Found a runed translucent gate.
 28266 | Snake:4  | Found a runed translucent gate.
 28289 | Snake:4  | Found a runed translucent gate.
 28472 | Snake:4  | Noticed Mlioglotl
 28479 | Snake:4  | Killed Mlioglotl
 28904 | Snake:4  | Noticed gdog's ghost (adept GnSu)
 28904 | Snake:4  | Noticed Laelyol's ghost (adept MiBe)
 28904 | Snake:4  | Noticed Qich's ghost (journeyman MiFi)
 29178 | Snake:4  | Found Gaef's Vocational Training.
 29178 | Snake:4  | Noticed Mara
 29188 | Snake:4  | Noticed skwerlee's illusion
 29196 | Snake:4  | Killed Mara
 30065 | Snake:4  | Reached skill level 21 in Fighting
 30821 | Snake:3  | Upgraded the game from 0.31-a0-971-g75a2e9a4b4 to
                  | 0.31-a0-977-gc230f8ef24
 32808 | Snake:4  | Reached XP level 17. HP: 149/176 MP: 16/16
 33421 | Snake:4  | Reached skill level 15 in Shields
 33531 | Snake:4  | Got a serpentine rune of Zot
 33569 | Snake:4  | Reached skill level 22 in Fighting
 35450 | Shoals:2 | Noticed Donald
 35473 | Shoals:2 | Killed Donald
 35473 | Shoals:2 | Received a gift from Trog
 35554 | Shoals:2 | Found Xauh's Magic Scroll Shop.
 35656 | Shoals:2 | Found Sisenaf's Superlative Supplies.
 35689 | Shoals:2 | Noticed a kraken
 36909 | Shoals:4 | Entered Level 4 of the Shoals
 36984 | Shoals:4 | Mangled by a merfolk impaler

Illustrated notes

Levels and vault maps discovered:
D:1:      lightli_arrival_farm, layout_basic, chequers_serial_rivers_large_a,
          minmay_tree_intersection
D:2:      layout_loops_cross, shapermc_ecumenical_altar_pompeii, basic_altar,
          uniq_jessica, uniq_robin
D:3:      minmay_angry_zag, layout_rooms, mainiacjoe_overflow_brackets,
          uniq_grinder, uniq_sigmund
D:4:      layout_basic, trog_wizard, minmay_temple_entry_gardened_gates,
          cheibrodos_sewer_entry_drain
D:5:      layout_loops_ring, minitemple, serial_shops, nicolae_stop_n_shop_2,
          uniq_crazy_yiuf_cottage
D:6:      layout_cave_pools, nicolae_shop_firing_range
D:7:      layout_rooms
D:8:      layout_basic, marbit_many_paths, cheibrodos_worm_habitat,
          zin_statuary, gammafunk_temple_overflow_claw, hangedman_decor_riveting
D:9:      gammafunk_wand_slinger, layout_rooms, minmay_librarian, uniq_maurice
D:10:     layout_grid_maze, worms_lemuel
D:11:     layout_long_grid, dpeg_oklobed_lair, minivault_7
D:12:     layout_basic, small_chamber_with_monster, roderic_batcave
D:13:     layout_cave_pools, hellmonk_vaults_attempted_burglary, uniq_rupert
Lair:1:   layout_loops_ring, minivault_25
Lair:2:   layout_loops_ring, elwin_shoals_entry_rooms,
          guppyfry_snake_entry_garden, nicolae_lair_grazing_beasts
          [nicolae_sub_lair_graze_edge, nicolae_sub_lair_graze_edge,
          nicolae_sub_lair_graze_edge, nicolae_sub_lair_graze_edge],
          serial_bayou_shore_a, grunt_megastairs_1
Lair:3:   layout_chaotic_city
Lair:4:   layout_cave_pods, slime_entry_1, maelrawn_ghost_gauntlet_escape
Lair:5:   gammafunk_lair_ancient_temple, layout_regular_city,
          gammafunk_ghost_cemetery, nicolae_volcano_entry_lava_flow,
          kennysheep_abandoned_house
Shoals:1: layout_shoals, nicolae_shoals_land_atoll, st_sunken_huts
Shoals:2: layout_shoals, serial_shops, nicolae_shop_just_a_little_nook,
          overgrown_tower, nicolae_alphabet_shops, uniq_donald
Shoals:3: layout_shoals
Shoals:4: shoals_end_hellmonk_storm_palace [storm_palace_center_ruins,
          storm_palace_corner_pillars, storm_palace_corner_pillars,
          storm_palace_corner_narrow, storm_palace_corner_blocked]
Snake:1:  layout_misc_corridors, nicolae_snake_storage_room, uniq_aizul
Snake:2:  layout_concentric_octagons, evilmike_ambush
          [evilmike_ambush_outer_basic, evilmike_ambush_inner_wall_1],
          minmay_shoptagon
Snake:3:  layout_basic, hangedman_feature_mirror, grunt_ministairs_11,
          nicolae_snake_salamander_jacuzzi
Snake:4:  snake_pit, layout_gridlike, gammafunk_ghost_cemetery,
          nicolae_shop_vocational, uniq_mlioglotl, uniq_mara
Orc:1:    layout_caves, hellmonk_ghost_happy_afterlife, uniq_harold
Orc:2:    st_orc_mages, layout_caves

Skill      XL: |  1  2  3  4  5  6  7  8  9 10 11 12 13 14 15 16 17 |
---------------+----------------------------------------------------+-----
Axes           | 4 |  4.3
Fighting       | 4 5 6 7 8 9 11 13 16 17 19 21 22 | 22.4
Long Blades    | 1 5 6 9 12 15 17 20 | 20.0
Armour         | 3 9 13 16 17 | 17.4
Shields        | 6 11 14 17 | 17.2
Dodging        | |  2.1
Evocations     | |  0.1

Action                     |  1- 3 |  4- 6 |  7- 9 | 10-12 | 13-15 | 16-18 || total
---------------------------+-------+-------+-------+-------+-------+-------++-------
  Melee: Hand axe          |    38 |       |       |       |       |       ||    38
         Headbutt          |     7 |     8 |    40 |    86 |   204 |   171 ||   516
         Falchion          |    25 |    56 |   208 |       |       |       ||   289
         Punch             |       |       |     1 |       |       |       ||     1
         Great sword       |       |       |    90 |   141 |       |       ||   231
         Long sword        |       |       |       |   275 |   822 |   664 ||  1761
         Whip              |       |       |       |     6 |    11 |       ||    17
 Invoke: Trog's Hand       |     1 |       |     4 |     6 |    18 |    19 ||    48
         Berserk           |       |     1 |     3 |     2 |     5 |     7 ||    18
         Brothers in Arms  |       |       |       |       |     8 |     1 ||     9
  Evoke: Wand              |       |       |       |     2 |    15 |    26 ||    43
    Use: Scroll            |       |     3 |    10 |    13 |    17 |     1 ||    44
         Potion            |       |       |       |       |    19 |     7 ||    26
   Stab: Petrified         |       |       |       |       |     2 |       ||     2
 Armour: Animal skin       |    16 |       |       |       |       |       ||    16
         Ring mail         |    29 |    32 |   176 |    31 |       |       ||   268
         Chain mail        |       |       |       |    21 |       |       ||    21
         Plate armour      |       |       |       |   316 |   653 |   243 ||  1212
         Robe              |       |       |       |       |   238 |   266 ||   504
  Dodge: Dodged            |    46 |    44 |   272 |   237 |   749 |   397 ||  1745
  Block: Orb               |       |       |       |       |   249 |   145 ||   394
         Reflection        |       |       |       |       |    26 |    89 ||   115
         Tower shield      |       |       |       |       |       |   505 ||   505

Table legend: (Time is in decaauts)
 A = Elapsed time spent in this place.
 B = Non-inter-level travel time spent in this place.
 C = Inter-level travel time spent in this place.
 D = Time resting spent in this place.
 E = Time spent auto-exploring this place.
 F = Levels seen in this place.
 G = Mean time per level.
                   A        B        C        D        E       F      G
               +--------+--------+--------+--------+--------+-----+--------+
         Total |  37688 |  35246 |   2442 |  11987 |  16281 |  30 | 1256.3 |
       Dungeon |  13021 |  11609 |   1412 |   2454 |   7183 |  13 | 1001.6 |
          Lair |   8631 |   7959 |    672 |   2655 |   4055 |   5 | 1726.2 |
        Shoals |   3029 |   2997 |     32 |    415 |   1306 |   4 |  757.2 |
     Snake Pit |  10892 |  10652 |    240 |   6047 |   2590 |   4 | 2723.0 |
  Orcish Mines |   1324 |   1240 |     84 |    133 |    849 |   2 |  662.0 |
         Sewer |    402 |    402 |      0 |      0 |    283 |   1 |  402.0 |
       Volcano |    386 |    386 |      0 |    280 |     13 |   1 |  386.0 |
               +--------+--------+--------+--------+--------+-----+--------+

Top non-repeatable levels by time:
 Snake:4: 3536 daAuts
 Snake:3: 3496 daAuts
 Snake:1: 2716 daAuts
  Lair:2: 2424 daAuts
  Lair:1: 1822 daAuts
    D:11: 1673 daAuts
  Lair:5: 1664 daAuts
  Lair:3: 1489 daAuts
     D:8: 1384 daAuts
     D:5: 1294 daAuts
    D:12: 1293 daAuts
Shoals:1: 1269 daAuts
  Lair:4: 1230 daAuts
 Snake:2: 1143 daAuts
    D:10: 1110 daAuts
